Map: Blackburn LE

Players

MaNa - Winner!

  • Race: Protoss Protoss

SortOf

  • Race: Zerg Zerg

Event: DreamHack SC2 Masters 2021 Fall

VOD

Have the link to the VOD?

Description

Time

  • Played on: Aug. 6, 2021, 11:41 a.m.
  • Length: 17:07

All games in this series

Show
View Real Time Build Order
Export as new Build Order

MaNa Protoss - Winner!

Build Orders: 1 Gate Expand, Oracle Opening, Carriers 

Get SALT Encoding   

  12  0:00  Probe  
  13  0:12  Probe  
  14  0:19  Pylon  
  14  0:24  Probe  
  15  0:37  Probe (Chrono Boost)  
  15  0:40  Gateway  
  16  0:46  Probe (Chrono Boost)  
  17  0:50  Assimilator  
  17  0:51  Probe (Chrono Boost)  
  18  1:03  Probe (Chrono Boost)  
  19  1:13  Probe (Chrono Boost)  
  20  1:28  Nexus  
  20  1:38  Cybernetics Core  
  20  1:41  Probe  
  20  1:46  Assimilator  
  21  1:53  Probe  
  22  1:58  Pylon  
  22  2:05  Probe  
  23  2:13  Stalker (Chrono Boost)  
  23  2:17  Probe  
  26  2:25  Stargate  
  26  2:29  Probe, Warp Gate  
  27  2:35  Adept  
  29  2:39  Probe  
  29  2:42  Probe  
  31  2:52  Probe  
  31  2:54  Probe  
  33  3:04  Probe  
  33  3:05  Oracle (Chrono Boost)  
  34  3:06  Probe  
  28  3:12  Adept  
  38  3:16  Probe  
  38  3:18  Pylon, Probe  
  42  3:26  Gateway  
  42  3:28  Probe  
  42  3:30  Probe  
  42  3:33  Oracle (Chrono Boost)  
  44  3:40  Probe  
  48  3:43  Probe  
  48  3:47  Pylon  
  49  3:52  Probe  
  49  3:55  Probe  
  51  3:58  Pylon  
  51  4:05  Probe  
  51  4:07  Probe  
  53  4:10  Nexus  
  53  4:14  Pylon  
  53  4:17  Adept  
  53  4:20  Adept  
  53  4:22  Probe  
  53  4:23  Probe  
  59  4:27  Assimilator  
  59  4:28  Void Ray  
  59  4:29  Assimilator  
  63  4:43  Robotics Facility  
  63  4:44  Probe x2  
  65  4:56  Probe x2  
  67  5:05  Void Ray (Chrono Boost)  
  67  5:08  Probe x2  
  67  5:11  Forge  
  73  5:14  Shield Battery, Stargate  
  73  5:17  Pylon  
  73  5:20  Probe x2  
  75  5:28  Probe  
  76  5:31  Robotics Bay  
  76  5:32  Probe x2  
  78  5:40  Probe  
  78  5:41  Void Ray, Zealot x2  
  83  5:44  Probe x2  
  89  5:52  Probe  
  89  5:56  Void Ray, Probe  
  89  5:57  Probe  
  96  6:04  Probe  
  96  6:09  Probe x2  
  99  6:15  Assimilator  
  99  6:16  Assimilator, Probe  
  100  6:20  Pylon x2  
  100  6:21  Probe  
  100  6:22  Pylon  
  100  6:24  Pylon, Photon Cannon  
  101  6:27  Protoss Air Weapons Level 1  
  101  6:30  Void Ray (Chrono Boost)  
  101  6:36  Pylon  
  101  6:38  Void Ray (Chrono Boost), Probe x3  
  108  6:42  Shield Battery  
  108  6:50  Probe  
  113  6:54  Pylon  
  113  6:58  Disruptor (Chrono Boost)  
  113  7:06  Void Ray, Probe x2  
  113  7:07  Probe  
  119  7:09  Shield Battery  
  119  7:11  Void Ray  
  119  7:13  Pylon  
  119  7:14  Gateway  
  123  7:17  Gateway  
  127  7:23  Probe x2  
  127  7:25  Zealot x2  
  127  7:28  Disruptor (Chrono Boost)  
  136  7:40  Fleet Beacon  
  136  7:43  Nexus  
  136  7:47  Zealot x2  
  139  7:59  Stargate  
  139  8:01  Disruptor (Chrono Boost)  
  142  8:06  Photon Cannon  
  142  8:12  Photon Cannon  
  142  8:19  Nexus  
  150  8:20  Pylon  
  150  8:22  Carrier x2 (Chrono Boost)  
  150  8:24  Pylon  
  154  8:30  Pylon, Photon Cannon  
  154  8:32  Pylon  
  154  8:41  Carrier (Chrono Boost)  
  154  8:44  Photon Cannon  
  154  8:47  Photon Cannon  
  154  8:48  Shield Battery  
  160  8:50  Gateway  
  160  8:53  Probe x3  
  160  8:54  Gateway  
  163  8:57  Flux Vanes  
  161  9:05  Protoss Air Weapons Level 2 (Chrono Boost)  
  155  9:12  Probe, Carrier (Chrono Boost)  
  155  9:13  Probe x2  
  155  9:15  Assimilator  
  162  9:18  Assimilator  
  162  9:29  Carrier  
  166  9:33  Observer (Chrono Boost)  
  167  9:39  Gateway  
  167  9:43  Photon Cannon  
  167  9:44  Photon Cannon  
  171  10:09  Photon Cannon  
  171  10:11  Carrier (Chrono Boost)  
  171  10:12  Pylon  
  171  10:13  Carrier (Chrono Boost)  
  171  10:20  Warp Prism  
  179  10:26  Protoss Ground Weapons Level 1  
  179  10:29  Twilight Council  
  179  10:36  Photon Cannon  
  179  10:38  Photon Cannon x2  
  179  10:44  Carrier (Chrono Boost)  
  185  11:06  Zealot x2, Stargate  
  185  11:07  Stargate  
  189  11:12  Nexus  
  189  11:14  Pylon  
  189  11:18  Protoss Air Weapons Level 3 (Chrono Boost)  
  184  11:37  Charge  
  182  11:51  Stalker x7  
  182  12:16  Zealot x7  
  196  12:35  Observer  
  188  12:38  Stalker x3  
  188  12:39  Zealot x4  
  188  12:42  Carrier (Chrono Boost)  
  188  12:43  Carrier (Chrono Boost)  
  196  13:02  Templar Archives, Void Ray x3 (Chrono Boost)  
  188  13:27  Photon Cannon  
  188  13:30  Photon Cannon x2  
  188  13:32  Assimilator, Void Ray (Chrono Boost)  
  188  13:33  Psionic Storm  
  188  13:35  Assimilator  
  188  13:38  High Templar x4  
  200  13:42  Archon x2  
  198  13:51  Observer, Photon Cannon  
  198  13:53  Photon Cannon  
  198  13:55  Shield Battery  
  198  13:58  Gateway  
  198  14:00  Protoss Air Armor Level 1 (Chrono Boost), Pylon  
  198  14:02  Pylon  
  196  14:12  High Templar x2  
  182  14:45  Carrier x3  
  168  14:49  Zealot  
  168  14:50  Zealot x6  
  170  14:55  Void Ray x2  
  190  15:19  High Templar x4  
  190  15:20  High Templar  
  200  15:24  Archon x2  
  200  15:26  Void Ray (Chrono Boost)  
  200  15:35  High Templar x3  
  194  15:37  Nexus  
  194  15:39  Pylon  
  200  16:04  Nexus  
  166  16:51  Zealot  
  166  16:52  Zealot x7  
Show
View Real Time Build Order
Export as new Build Order

SortOf Zerg 

Build Orders: Hatch First 

Get SALT Encoding   

  12  0:00  Drone  
  13  0:12  Overlord  
  13  0:16  Drone  
  14  0:30  Drone x2  
  16  0:47  Drone  
  17  0:52  Hatchery  
  17  0:56  Drone  
  17  0:59  Drone  
  18  1:11  Extractor  
  17  1:14  Spawning Pool  
  17  1:18  Drone  
  17  1:22  Drone  
  18  1:27  Drone  
  19  1:38  Drone  
  20  1:49  Overlord  
  20  2:00  Queen  
  22  2:03  Queen  
  22  2:04  Zergling x2, Drone  
  26  2:11  Zergling x2  
  26  2:14  Metabolic Boost  
  26  2:15  Drone  
  28  2:24  Drone  
  28  2:25  Drone  
  30  2:38  Hatchery  
  30  2:40  Drone  
  30  2:44  Drone  
  30  2:48  Overlord  
  30  2:50  Drone  
  32  2:55  Queen  
  32  2:58  Drone  
  35  3:00  Drone  
  35  3:04  Overlord  
  36  3:10  Queen  
  38  3:13  Drone  
  38  3:16  Drone  
  38  3:17  Drone  
  41  3:20  Overlord  
  41  3:26  Drone  
  41  3:27  Drone  
  43  3:30  Spore Crawler  
  43  3:33  Queen  
  44  3:38  Drone x2  
  44  3:41  Drone x2  
  48  3:51  Roach Warren  
  48  3:52  Drone x3  
  50  3:56  Drone x3  
  50  4:02  Queen  
  53  4:06  Overlord  
  55  4:10  Overlord  
  55  4:13  Spore Crawler  
  55  4:14  Drone  
  55  4:17  Drone  
  56  4:18  Drone  
  56  4:22  Zergling x4  
  59  4:24  Zergling x4  
  59  4:26  Drone x2  
  59  4:30  Drone x2  
  65  4:32  Drone  
  65  4:34  Spore Crawler  
  65  4:37  Drone  
  65  4:38  Drone x2  
  68  4:41  Drone  
  69  4:48  Lair  
  69  4:50  Overlord  
  69  4:51  Extractor x2, Drone x3  
  69  4:52  Extractor  
  69  4:56  Drone x2  
  68  5:02  Drone x5  
  68  5:05  Drone x2  
  74  5:08  Drone  
  75  5:14  Overlord  
  75  5:17  Hatchery  
  75  5:20  Overlord  
  74  5:25  Drone x5  
  74  5:27  Evolution Chamber  
  78  5:32  Drone x4  
  78  5:33  Extractor  
  81  5:37  Queen  
  81  5:40  Queen  
  81  5:41  Overlord  
  85  5:46  Overlord x2  
  85  5:48  Roach  
  87  5:51  Roach x2  
  87  5:52  Drone  
  87  5:55  Overlord  
  92  5:57  Glial Reconstitution  
  92  5:58  Zerg Missile Weapons Level 1  
  92  6:03  Overlord  
  92  6:04  Extractor  
  91  6:07  Baneling Nest  
  91  6:09  Roach x3  
  96  6:13  Roach x2  
  96  6:17  Roach x3  
  106  6:24  Overlord  
  104  6:26  Roach x4  
  112  6:34  Drone x3  
  112  6:38  Drone x2  
  117  6:40  Roach x6  
  129  6:50  Roach x5  
  138  6:56  Spore Crawler, Overlord  
  138  6:57  Centrifical Hooks  
  138  7:01  Drone x2  
  138  7:04  Roach x3  
  138  7:07  Overlord  
  145  7:10  Roach x2  
  149  7:17  Roach x4  
  157  7:23  Infestation Pit  
  157  7:24  Overlord x2  
  157  7:25  Drone  
  157  7:26  Drone  
  157  7:31  Zergling x10  
  157  7:32  Zergling x4  
  164  7:41  Zergling x8  
  164  7:42  Overlord x2  
  164  7:43  Overlord  
  168  7:49  Overlord  
  168  7:58  Queen x3  
  168  7:59  Queen  
  168  8:02  Drone x5  
  181  8:06  Spore Crawler  
  181  8:07  Pathogen Glands  
  181  8:12  Ravager x2  
  182  8:14  Drone x5  
  187  8:28  Zerg Ground Armor Level 1  
  187  8:31  Evolution Chamber  
  187  8:32  Infestor x3  
  187  8:34  Infestor  
  192  8:38  Hatchery  
  193  8:43  Drone x4, Overlord  
  193  8:44  Extractor  
  193  8:45  Extractor  
  193  8:47  Hive  
  193  8:48  Spire  
  194  8:50  Infestor  
  193  9:12  Zerg Melee Weapons Level 1  
  193  9:19  Zergling x8  
  193  9:20  Zergling x6  
  193  9:21  Baneling  
  193  9:22  Baneling x15  
  200  9:41  Overseer  
  187  9:54  Extractor  
  186  10:04  Drone  
  186  10:05  Drone x8  
  186  10:06  Spore Crawler  
  190  10:07  Extractor  
  190  10:10  Zerg Flyer Armor Level 1, Adrenal Glands  
  190  10:13  Ultralisk Cavern  
  188  10:19  Drone x2  
  188  10:20  Drone x4  
  194  10:23  Overlord  
  194  10:26  Hatchery  
  193  10:38  Hatchery  
  193  10:42  Zerg Ground Armor Level 2  
  192  10:46  Queen x2  
  192  10:47  Queen  
  196  10:57  Spore Crawler, Spine Crawler, Neural Parasite  
  196  10:58  Spore Crawler  
  193  11:05  Viper x2  
  193  11:06  Spore Crawler  
  193  11:07  Spore Crawler x2  
  193  11:09  Spore Crawler  
  195  11:17  Infestor x7  
  198  11:22  Chitinous Plating  
  198  12:07  Spore Crawler  
  163  12:10  Corruptor x17  
  163  12:13  Queen x4, Corruptor  
  163  12:14  Queen  
  163  12:15  Zergling x6  
  183  12:23  Corruptor x3  
  183  12:25  Zergling x2  
  182  12:31  Corruptor  
  182  12:32  Corruptor  
  182  12:36  Zergling x2  
  182  12:37  Zergling x24, Corruptor  
  184  12:40  Corruptor  
  184  12:42  Zergling x8  
  184  12:43  Zergling x2  
  184  12:44  Zergling x4  
  184  12:46  Corruptor x2  
  184  12:48  Zergling x4  
  184  12:49  Queen x4  
  184  12:50  Zergling x4  
  183  12:53  Viper  
  183  13:01  Viper  
  184  13:11  Ultralisk  
  190  13:13  Drone x8  
  190  13:16  Baneling x3  
  198  13:20  Zerg Flyer Armor Level 2  
  198  13:37  Spore Crawler, Baneling x2  
  198  13:38  Zergling x6, Baneling x2  
  198  13:39  Spore Crawler  
  198  13:40  Zerg Ground Armor Level 3  
  199  13:46  Overseer, Pneumatized Carapace  
  199  13:47  Anabolic Synthesis  
  199  13:51  Drone  
  199  13:52  Extractor  
  198  13:56  Zerg Missile Weapons Level 2  
  198  14:08  Zergling x2, Ultralisk  
  198  14:27  Hatchery  
  179  14:43  Corruptor x8  
  153  14:46  Zergling x30  
  153  14:50  Corruptor x4  
  153  14:52  Zergling x6  
  167  14:55  Corruptor  
  155  15:02  Zergling x4  
  155  15:03  Zergling x4  
  155  15:13  Viper x2  
  159  15:16  Zergling x6, Ultralisk  
  159  15:17  Zergling x6  
  170  15:31  Corruptor x4  
  176  15:41  Queen x2  
  180  15:46  Zergling x2, Ultralisk  
  180  15:47  Zergling x2  
  179  15:57  Zergling x2  
  179  15:58  Zergling x20  
  189  16:06  Infestor x4  
  189  16:09  Viper  
  200  16:15  Baneling x5  
  200  16:16  Baneling x3  
  192  16:37  Corruptor x6  

Tags
 
Add a new tag
Caveats
  • Supply blocks, unpowered buildings, or Contaminate may cause inaccurate times.
  • Supply counts are checked every 10 seconds.